Map: Cosmic Sapphire

Players

JonSnow

  • Race: Zerg Zerg
  • Spawn Location: 5:00

PtitDrogo - Winner!

  • Race: Protoss Protoss
  • Spawn Location: 11:00

Event: DreamHack SC2 Masters 2022 Atlanta (Offline)

VOD

Have the link to the VOD?

Description

Time

  • Played on: Nov. 18, 2022, 11:57 a.m.
  • Length: 14:43

All games in this series

Show
View Real Time Build Order
Export as new Build Order

JonSnow Zerg 

Build Orders: Hatch First 

Get SALT Encoding   

  12  0:01  Drone  
  13  0:11  Overlord  
  13  0:17  Drone  
  14  0:30  Drone x2  
  16  0:48  Drone  
  17  0:52  Hatchery  
  17  0:55  Drone  
  17  0:58  Drone  
  18  1:09  Extractor  
  17  1:13  Spawning Pool  
  17  1:16  Drone  
  17  1:20  Drone  
  18  1:27  Drone  
  19  1:38  Drone  
  20  1:49  Overlord  
  20  1:59  Queen  
  22  2:04  Queen  
  22  2:06  Zergling x2  
  25  2:09  Drone  
  25  2:13  Metabolic Boost, Zergling x2  
  25  2:15  Drone  
  28  2:21  Drone  
  29  2:28  Drone  
  30  2:42  Drone  
  30  2:43  Hatchery  
  30  2:49  Queen  
  32  2:51  Zergling x2  
  33  2:59  Drone  
  33  3:00  Drone  
  33  3:05  Overlord  
  35  3:06  Drone  
  35  3:10  Overlord  
  36  3:25  Zergling x2  
  36  3:26  Zergling x6  
  39  3:27  Zergling x4  
  39  3:29  Queen  
  39  3:33  Spore Crawler, Drone  
  43  3:36  Drone  
  43  3:40  Evolution Chamber  
  43  3:44  Drone x3  
  43  3:47  Drone  
  47  3:55  Drone  
  47  3:56  Drone  
  47  3:58  Drone  
  47  4:00  Drone x2  
  52  4:05  Queen  
  52  4:09  Zerg Melee Weapons Level 1  
  54  4:10  Drone  
  54  4:11  Spore Crawler  
  54  4:17  Spore Crawler  
  54  4:19  Drone x2  
  54  4:22  Spore Crawler  
  53  4:31  Drone x8  
  55  4:37  Drone  
  52  4:40  Zergling x6  
  55  4:47  Spore Crawler  
  55  4:48  Drone  
  55  4:49  Drone x2  
  56  4:53  Drone  
  56  4:54  Drone  
  56  4:59  Spore Crawler, Drone  
  58  5:03  Roach Warren  
  58  5:05  Drone  
  58  5:18  Drone  
  58  5:19  Overlord x2  
  58  5:20  Lair  
  57  5:22  Extractor x2  
  57  5:28  Drone x2  
  57  5:32  Overlord  
  57  5:35  Overlord  
  57  5:36  Overlord  
  57  5:43  Drone  
  57  5:44  Drone x8  
  57  5:48  Extractor  
  57  5:49  Drone  
  66  5:59  Roach x2  
  66  6:03  Hatchery  
  72  6:04  Roach x2  
  72  6:10  Drone x6  
  77  6:16  Baneling Nest  
  76  6:20  Overlord  
  76  6:21  Drone x4  
  80  6:25  Zerg Melee Weapons Level 2  
  80  6:32  Extractor  
  80  6:33  Extractor  
  80  6:37  Drone x2  
  80  6:39  Hatchery  
  79  6:44  Overlord  
  79  6:45  Drone x4  
  79  6:47  Drone  
  84  6:52  Drone x5  
  89  6:58  Queen  
  91  7:01  Drone x3  
  91  7:02  Drone, Overlord  
  91  7:07  Centrifugal Hooks  
  95  7:09  Zergling x2, Roach  
  95  7:12  Overlord  
  95  7:15  Zergling x6  
  101  7:20  Zergling x10  
  105  7:25  Ravager x4  
  105  7:28  Zergling x6  
  112  7:31  Zergling x2  
  112  7:32  Zergling x8  
  117  7:41  Zergling x12, Spire  
  117  7:43  Drone  
  118  7:44  Drone  
  118  7:49  Drone x3  
  122  7:53  Drone x2  
  122  7:57  Infestation Pit  
  122  8:01  Evolution Chamber  
  122  8:05  Drone x4  
  125  8:07  Overseer  
  125  8:08  Baneling x4  
  125  8:16  Hatchery  
  125  8:18  Zergling x2  
  125  8:19  Zergling x14  
  130  8:20  Zergling x4  
  129  8:40  Zergling x12  
  129  8:41  Zergling x2  
  133  8:48  Zerg Missile Weapons Level 1  
  127  8:49  Zerg Ground Armor Level 1  
  127  8:53  Roach x5  
  127  8:55  Baneling x4  
  134  8:56  Baneling  
  134  8:59  Hive, Overlord  
  134  9:01  Overlord  
  134  9:02  Overlord x2  
  134  9:08  Roach x2  
  134  9:09  Baneling x5, Roach  
  134  9:10  Baneling x8  
  134  9:13  Baneling x2  
  134  9:21  Mutalisk x5  
  134  9:22  Mutalisk  
  134  9:23  Mutalisk  
  147  9:26  Extractor  
  147  9:27  Zergling x6  
  147  9:28  Extractor  
  147  9:29  Queen  
  150  9:35  Hatchery, Overlord x2  
  149  9:42  Baneling x9  
  149  9:48  Drone x8  
  149  9:50  Overlord  
  149  9:51  Drone x3  
  149  9:52  Drone  
  161  9:55  Baneling x4  
  156  10:09  Overlord  
  156  10:11  Adrenal Glands  
  156  10:12  Zergling x20, Ultralisk Cavern  
  161  10:21  Overlord  
  156  10:22  Zerg Flyer Weapons Level 1  
  156  10:33  Zergling x34  
  169  10:42  Overlord  
  167  10:46  Drone x7  
  170  10:51  Spore Crawler  
  170  10:52  Spine Crawler  
  168  11:00  Chitinous Plating  
  168  11:02  Ultralisk x2  
  179  11:12  Overseer  
  179  11:14  Glial Reconstitution, Spine Crawler  
  179  11:17  Hatchery  
  177  11:20  Extractor  
  177  11:21  Extractor  
  177  11:23  Zerg Melee Weapons Level 3  
  177  11:25  Drone x5  
  179  11:26  Drone x3  
  183  11:43  Ultralisk x2  
  194  11:50  Overlord  
  193  12:02  Spine Crawler  
  193  12:03  Zerg Ground Armor Level 2  
  188  12:18  Baneling x3  
  188  12:19  Anabolic Synthesis, Baneling x3  
  180  12:33  Corruptor x4  
  180  12:34  Corruptor x3  
  175  12:39  Zergling x30, Hatchery  
  161  12:54  Zergling x24, Ultralisk x2  
  169  13:00  Corruptor  
  169  13:01  Corruptor  
  173  13:06  Corruptor, Unknown  
  173  13:09  Zergling x14, Queen x3  
  185  13:15  Baneling x5  
  185  13:18  Corruptor  
  185  13:19  Corruptor  
  189  13:27  Corruptor, Baneling x2  
  156  13:46  Corruptor x5  
  156  13:47  Zergling x2  
  156  13:48  Zergling x24  
  155  13:52  Zergling x6  
  130  13:59  Zergling x8  
  130  14:01  Ultralisk  
  129  14:08  Baneling x12  
  129  14:09  Zergling x6  
  126  14:13  Zergling x4  
  127  14:20  Zergling x2  
  127  14:21  Zergling x4  
Show
View Real Time Build Order
Export as new Build Order

PtitDrogo Protoss - Winner!

Build Orders: 1 Gate Expand, Oracle Opening 

Get SALT Encoding   

  12  0:00  Probe  
  13  0:12  Probe  
  14  0:20  Pylon  
  14  0:24  Probe  
  15  0:38  Probe (Chrono Boost)  
  15  0:41  Gateway  
  16  0:48  Probe (Chrono Boost)  
  17  0:50  Assimilator  
  17  0:53  Probe (Chrono Boost)  
  18  1:04  Probe  
  19  1:16  Probe  
  20  1:27  Nexus  
  20  1:37  Cybernetics Core  
  20  1:40  Probe  
  20  1:46  Assimilator  
  21  1:52  Probe  
  22  1:55  Pylon  
  22  2:04  Probe  
  23  2:11  Adept (Chrono Boost)  
  25  2:17  Probe  
  25  2:19  Stargate  
  26  2:28  Warp Gate  
  26  2:29  Probe (Chrono Boost)  
  27  2:34  Adept  
  29  2:39  Probe (Chrono Boost)  
  31  2:47  Probe (Chrono Boost)  
  31  2:48  Probe (Chrono Boost)  
  32  2:53  Probe (Chrono Boost)  
  32  2:54  Probe (Chrono Boost)  
  34  2:59  Oracle (Chrono Boost)  
  34  3:05  Probe x2  
  38  3:09  Gateway  
  39  3:17  Probe  
  39  3:19  Probe  
  41  3:26  Oracle (Chrono Boost)  
  41  3:29  Probe  
  41  3:32  Probe  
  46  3:41  Nexus  
  46  3:47  Pylon  
  46  3:52  Pylon  
  46  3:59  Pylon  
  46  4:05  Oracle, Probe (Chrono Boost)  
  46  4:06  Assimilator  
  46  4:08  Assimilator  
  51  4:11  Probe (Chrono Boost)  
  51  4:15  Adept, Probe (Chrono Boost)  
  51  4:16  Zealot  
  56  4:19  Probe (Chrono Boost)  
  56  4:20  Probe (Chrono Boost)  
  58  4:30  Probe  
  57  4:32  Twilight Council, Probe  
  57  4:33  Forge  
  53  4:42  Probe  
  53  4:43  Pylon  
  53  4:44  Probe  
  53  4:45  Adept x2  
  57  4:54  Probe  
  57  4:56  Probe  
  59  5:00  Nexus  
  59  5:01  Pylon  
  59  5:06  Protoss Ground Weapons Level 1 (Chrono Boost), Probe  
  60  5:08  Adept x2, Charge, Probe  
  65  5:18  Probe (Chrono Boost)  
  65  5:20  Probe (Chrono Boost)  
  67  5:29  Robotics Facility  
  67  5:30  Probe (Chrono Boost)  
  67  5:32  Probe (Chrono Boost)  
  67  5:34  Pylon  
  69  5:38  Probe x2 (Chrono Boost)  
  69  5:40  Gateway  
  71  5:44  Probe  
  71  5:47  Probe  
  71  5:49  Gateway  
  73  5:54  Shield Battery  
  73  5:56  Probe  
  74  5:59  Probe  
  75  6:04  Sentry x2  
  75  6:09  Probe  
  75  6:11  Probe  
  81  6:12  Gateway  
  81  6:13  Gateway  
  81  6:14  Shield Battery  
  81  6:15  Shield Battery  
  81  6:17  Immortal (Chrono Boost)  
  85  6:27  Templar Archives, Stalker x2  
  85  6:32  Probe x3  
  92  6:34  Pylon  
  92  6:44  Probe x3  
  92  6:46  Assimilator  
  95  6:47  Assimilator  
  95  6:49  Immortal  
  99  6:54  Blink  
  99  6:56  Probe x2  
  99  6:59  Gateway x2  
  101  7:03  Gateway  
  101  7:05  Pylon  
  101  7:13  High Templar x3  
  101  7:14  Zealot  
  109  7:17  Pylon  
  109  7:18  Pylon  
  109  7:19  Protoss Ground Weapons Level 2 (Chrono Boost)  
  109  7:28  Nexus  
  109  7:29  Pylon  
  109  7:38  Probe  
  109  7:40  Psionic Storm  
  110  7:47  Probe x2  
  110  7:50  High Templar x2  
  116  7:54  Photon Cannon  
  116  7:56  Photon Cannon  
  116  7:58  Shield Battery  
  116  8:00  Photon Cannon  
  116  8:01  Photon Cannon  
  116  8:03  Shield Battery  
  116  8:08  Pylon  
  116  8:11  Probe  
  117  8:18  Zealot x4  
  125  8:22  Probe  
  125  8:23  Photon Cannon  
  125  8:26  Observer (Chrono Boost)  
  125  8:27  Probe  
  126  8:35  Zealot x4  
  134  8:46  Probe  
  134  8:47  Probe  
  136  8:50  Assimilator  
  136  8:56  Immortal  
  136  8:58  Photon Cannon  
  140  9:04  Stalker x8  
  140  9:08  Probe  
  157  9:10  Pylon  
  157  9:12  Assimilator  
  159  9:26  Gateway  
  159  9:27  Gateway  
  159  9:29  Gateway  
  157  9:33  High Templar x2  
  157  9:35  Warp Prism (Chrono Boost)  
  157  9:36  Pylon  
  157  9:38  Stargate  
  161  9:40  Stargate  
  161  9:45  Fleet Beacon  
  163  9:52  Protoss Ground Weapons Level 3 (Chrono Boost)  
  163  9:53  Photon Cannon  
  163  9:54  Photon Cannon  
  163  10:03  Zealot x6  
  169  10:10  Protoss Air Weapons Level 1 (Chrono Boost)  
  165  10:17  High Templar x2  
  165  10:20  Pylon  
  165  10:21  Archon  
  167  10:24  Pylon  
  167  10:26  Phoenix (Chrono Boost)  
  167  10:27  Stalker x2  
  167  10:28  Stalker x2  
  179  10:29  Phoenix (Chrono Boost)  
  179  10:33  Phoenix (Chrono Boost)  
  178  10:37  Photon Cannon  
  178  10:44  Anion Pulse-Crystals (Chrono Boost)  
  178  10:48  Phoenix (Chrono Boost)  
  170  10:51  Phoenix (Chrono Boost)  
  170  11:03  Pylon  
  176  11:05  Carrier (Chrono Boost)  
  176  11:09  Mothership (Chrono Boost)  
  176  11:10  Carrier (Chrono Boost)  
  181  11:11  Shield Battery  
  194  11:32  Carrier (Chrono Boost)  
  194  11:54  Nexus  
  194  11:56  Pylon  
  194  12:03  Pylon  
  192  12:13  Protoss Air Weapons Level 2 (Chrono Boost)  
  192  12:25  Photon Cannon  
  192  12:29  Photon Cannon  
  192  12:32  Photon Cannon  
  192  12:35  Photon Cannon, Stalker x4  
  192  12:36  Stalker x2  
  183  12:37  Photon Cannon  
  183  12:40  Photon Cannon  
  171  12:44  Shield Battery  
  171  12:45  Shield Battery, Probe x2  
  171  12:47  Photon Cannon  
  171  12:50  Photon Cannon  
  170  12:52  Photon Cannon  
  170  12:56  Probe, Photon Cannon  
  170  12:57  Probe x2  
  170  12:58  Photon Cannon  
  170  13:02  Photon Cannon  
  170  13:04  Photon Cannon  
  170  13:09  High Templar x9  
  188  13:13  Archon x3  
  188  13:14  Archon  
  188  13:15  Nexus  
  188  13:20  Probe (Chrono Boost)  
  188  13:21  Probe (Chrono Boost)  
  188  13:22  Probe x2 (Chrono Boost)  
  192  13:31  Zealot  
  192  13:32  Probe (Chrono Boost)  
  170  13:41  Zealot x3  
  170  13:42  Zealot x2  
  170  13:43  Stalker  
  151  13:48  Archon  
  151  13:50  Stalker x2  
  151  13:55  Probe x3  
  147  14:02  Zealot x2  
  146  14:10  Probe x3  
  146  14:14  High Templar x4  
  146  14:16  High Templar  
  159  14:19  Archon x2  
  159  14:20  High Templar x2  
  159  14:21  High Templar  
  165  14:25  Archon x2  
Tags
 
Add a new tag
Caveats
  • Supply blocks, unpowered buildings, or Contaminate may cause inaccurate times.
  • Supply counts are checked every 10 seconds.